 Dungeon Crawl Stone Soup version 0.29.1-15-g9cfb28693d (webtiles) character file.

Game seed: 575558294507596095

93 Mirro the Trooper (level 4, 0/36 (40) HPs)
             Began as a Draconian Berserker on Mar 5, 2023.
             Was a Believer of Trog.
             Slain by an orc
             ... wielding a +2 short sword of draining
              (1 damage)
             ... on level 4 of the Dungeon.
             The game lasted 00:13:56 (1689 turns).

Mirro the Trooper (Draconian Berserker)             Turns: 1689, Time: 00:13:59

HP:   0/36 (40)     AC:  7    Str: 21    XL:     4   Next: 37%
MP:   4/4           EV: 12    Int:  8    God:    Trog [**....]
Gold: 89            SH:  0    Dex: 10    Spells: 3/3 levels left

rFire   + . .      SeeInvis .   a - +0 falchion
rCold   x . .      Faith    .   (no shield)
rNeg    . . .      Spirit   .   (body armour unavailable)
rPois   .          Reflect  .   d - +1 hat
rElec   .          Harm     .   (no cloak)
rCorr   .          Rampage  .   b - +0 pair of gloves
Will    .....                   (no boots)
Stlth   +.........              (no amulet)
HPRegen 0.12/turn               e - ring of fire
MPRegen 0.09/turn               (no ring)

@: heavily drained
A: AC +5, unfitting armour, cold-blooded
a: Renounce Religion, Berserk, Trog's Hand


You were on level 4 of the Dungeon.
You worshipped Trog.
Trog was pleased with you.
You visited 1 branch of the dungeon, and saw 3 of its levels.

You collected 89 gold pieces.

Inventory:

Hand Weapons
 a - a +0 falchion (weapon)
 f - a +1 dagger of holy wrath
Armour
 b - a +0 pair of gloves (worn)
 d - a +1 hat (worn)
Jewellery
 e - a ring of fire (left hand)
 k - a ring of magical power
Scrolls
 g - a scroll of identify {unknown}
 i - a scroll of teleportation {unknown}
Potions
 c - a potion of mutation {unknown}
 h - a potion of berserk rage {unknown}
 j - a potion of curing {unknown}


   Skills:
 + Level 4.0 Fighting
 + Level 4.0 Long Blades
 + Level 3.5 Dodging
 + Level 0.3 Stealth


You had 3 spell levels left.
You didn't know any spells.
Your spell library was empty.

Dungeon Overview and Level Annotations

Branches:
Dungeon (2/15)

Altars:


Innate Abilities, Weirdness & Mutations

Your plain brown scales are hard. (AC +5)
You cannot fit into any form of body armour.
You are cold-blooded and may be slowed by cold attacks.


Message History

You hit the iguana but do no damage. You tail-slap the iguana.
The iguana is severely wounded.
The jackal bites you but does no damage.
The giant cockroach closely misses you.
The iguana bites you but does no damage.
You hit the iguana.
Your tail-slap misses the iguana.
The iguana is almost dead.
The jackal completely misses you. The giant cockroach barely misses you.
The jackal bites you but does no damage.
The iguana misses you. The jackal closely misses you.
You hit the iguana.
You kill the iguana!
Trog accepts your kill. The giant cockroach bites you.
* * * LOW HITPOINT WARNING * * *
The jackal barely misses you. x2
The giant cockroach bites you but does no damage.
Your Fighting skill increases to level 4!
Your Long Blades skill increases to level 4!
The giant cockroach attacks as you move away!
The giant cockroach bites you.
* * * LOW HITPOINT WARNING * * *
The orc attacks as you move away! The orc barely misses you.
The jackal closely misses you. x2; The jackal misses you.
You closely miss the jackal. The jackal barely misses you.
The jackal bites you but does no damage.
The orc hits you but does no damage.
You feel drained.
You closely miss the jackal. The jackal bites you.
* * * LOW HITPOINT WARNING * * *
The jackal bites you but does no damage.
The orc hits you but does no damage.
You feel drained. The jackal misses you. The jackal closely misses you.
You hit the jackal.
You kill the jackal!
Trog accepts your kill. The jackal closely misses you.
The orc hits you with a +2 short sword of draining.
* * * LOW HITPOINT WARNING * * *
You feel drained.
You die...

###......#.....
...............
#.#......
#.#......
##........
####.........
###....†.......
.[....hBo......
###....@.......
#.........##..
#.........# ..
......!...##
....)......
###.......##
#####...# #...#


You could see an orc, a jackal and a giant cockroach.

Vanquished Creatures
  An iguana (D:4)
  3 adders (D:2)
  A worm (D:2)
  A dart slug (D:2)
  3 endoplasms
  2 giant cockroaches (D:1)
  4 goblins
  5 hobgoblins
  A jackal (D:4)
  2 quokkas (D:1)
  4 ball pythons
  3 bats
  2 frilled lizards (D:1)
  3 kobolds
  3 rats
38 creatures vanquished.

Notes
Turn   | Place    | Note
-------+----------+-------------------------------------------
     0 | D:1      | Mirro the Draconian Berserker began the quest for the Orb.
     0 | D:1      | Reached XP level 1. HP: 19/19 MP: 1/1
   237 | D:1      | Reached XP level 2. HP: 16/26 MP: 2/2
   966 | D:2      | Reached ** piety under Trog
  1001 | D:2      | Reached XP level 3. HP: 33/33 MP: 3/3
  1505 | D:2      | Reached XP level 4. HP: 38/40 MP: 4/4
  1663 | D:2      | You fall into a shaft and drop 2 floors!
  1689 | D:4      | HP: 1/38 [orc/+2 short sword of draining (2)]
  1689 | D:4      | Slain by an orc

Illustrated notes

Levels and vault maps discovered:
D:1:      spicycebolla_arrival_ecumenical, layout_basic, st_stairs_11
D:2:      layout_basic, minmay_tromino_v2
D:4:      layout_rooms, tso_altar, portal_sewer_entry_f

Skill      XL: |  1  2  3  4 |
---------------+-------------+-----
Dodging        | 3 |  3.5
Fighting       | 4 |  4.0
Long Blades    | 4 |  4.0
Stealth        | |  0.3

Action                   |  1- 3 |  4- 6 || total
-------------------------+-------+-------++-------
Melee: Falchion          |   115 |    15 ||   130
       Tailslap          |    10 |     2 ||    12
Armor: Skin              |    51 |    13 ||    64
Dodge: Dodged            |    96 |    27 ||   123
